 Dungeon Crawl Stone Soup version 0.16.1-18-g436b03c (webtiles) character file.

44 UBR the Magician (level 3, -4/19 HPs)
             Began as a Deep Elf Wizard on Apr 24, 2015.
             Slain by Sigmund
             ... wielding a +0 scythe
              (9 damage)
             ... on level 2 of the Dungeon.
             The game lasted 00:20:05 (1162 turns).

UBR the Magician (Deep Elf Wizard)                  Turns: 1162, Time: 00:20:07

Health: -4/19      AC:  3    Str:  4    XL:     3   Next: 39%
Magic:  4/15       EV: 12    Int: 23    God:
Gold:   76         SH:  0    Dex: 13    Spells: 1 memorised, 13 levels left

rFire  . . .     SeeInvis .     h - +0 short sword (elec)
rCold  . . .     Clarity  .     a - +0 robe
rNeg   . . .     SustAb   .     (no shield)
rPois  .         Gourm    .     b - +0 hat
rElec  .         Spirit   .     (no cloak)
rCorr  .         Warding  .     q - +0 pair of gloves
rMut   .         Stasis   .     (no boots)
MR     .....                    (no amulet)
Stlth  ++........               (no ring)
                                (no ring)

@: very slightly contaminated, not resistant to hostile enchantments, unstealthy
A: no striking features
a: no special abilities


You were on level 2 of the Dungeon.
You were hungry.

You visited 1 branch of the dungeon, and saw 2 of its levels.

You collected 76 gold pieces.

Inventory:

Hand weapons
 h - a +0 short sword of electrocution (weapon)
 p - a +0 dagger
Missiles
 j - 17 stones (quivered)
 k - 18 arrows of flame
Armour
 a - a +0 robe (worn)
 b - a +0 hat (worn)
 e - a +0 leather armour
 q - a +0 pair of gloves (worn)
Scrolls
 g - a scroll of fear {unknown}
 l - a scroll of teleportation {unknown}
 n - 4 scrolls of recharging {unknown}
 r - 3 scrolls of amnesia {unknown}
 t - a scroll of fog {unknown}
 v - a scroll of blinking {unknown}
Potions
 i - a potion of curing {unknown}
 m - a potion of brilliance {unknown}
 o - a potion of invisibility {unknown}
 u - a potion of poison {unknown}
Books
 c - a book of Minor Magic

   Spells                             Type                      Level
   a - Magic Dart                     Conjuration                  1
   b - Blink                          Translocation                2
   c - Call Imp                       Summoning                    2
   d - Repel Missiles                 Charms/Air                   2
   e - Slow                           Hexes                        2
   f - Conjure Flame                  Conjuration/Fire             3
   g - Mephitic Cloud                 Conjuration/Poison/Air       3
Comestibles
 d - 2 bread rations
 f - a slice of pizza
 s - 2 meat rations
 w - 3 chunks of flesh


   Skills:
 - Level 2.4 Dodging
 - Level 2.4 Stealth
 - Level 6.0 Spellcasting
 + Level 1.7 Conjurations
   Level 1.1 Summonings
   Level 1.1 Translocations


You had 13 spell levels left.
You knew the following spells:

 Your Spells              Type           Power        Failure   Level  Hunger
a - Magic Dart            Conj           ##..         4%          1    None


Dungeon Overview and Level Annotations

Branches:
Dungeon (2/15)

Altars:

Annotations:
D:2 Sigmund


Message History

Aiming: Magic Dart
Press: ? - help, Shift-Dir - straight line, f/p - jackal
Aim: a jackal (moderately wounded)
You miscast Magic Dart.
You are very lightly contaminated with residual magic.
Nothing appears to happen.
The jackal bites you but does no damage.
The jackal closely misses you. The jackal barely misses you.
Casting: Magic Dart
Confirm with . or Enter, or press ? or * to list all spells.
Aiming: Magic Dart
Press: ? - help, Shift-Dir - straight line, f/p - jackal
Aim: a jackal (moderately wounded)
The magic dart hits the jackal.
The jackal is moderately wounded.
Sigmund appears from thin air!
Reactivating autopickup.
The jackal barely misses you.
Sigmund hits you from afar with a scythe!
You die...

##..# #...# #...# #...# #..#
#..###...###.÷(###...###(.# #
#........÷÷..h.............
#.##..........................
#....(........................
###...###...###...###..(###...
#.{.# #...# #...# #...# #..#
#...###..@###...###...###..#
#.........h@h..............#
##.........................#
#..........................
#..###...###...###...###..
#..# #...# #...# #...# . ..#
#...# #...# #...# ..... .....
..... ........... ..... # ....
.


You could see Sigmund and 2 jackals.

Vanquished Creatures
  An adder (D:2)
  An ooze (D:2)
  3 giant cockroaches
  5 hobgoblins
  4 jackals
  A ball python (D:1)
  3 bats (D:1)
  3 giant newts
  3 goblins
  5 kobolds
  4 rats
33 creatures vanquished.

Notes
Turn   | Place    | Note
--------------------------------------------------------------
     0 | D:1      | UBR, the Deep Elf Wizard, began the quest for the Orb.
     0 | D:1      | Reached XP level 1. HP: 10/10 MP: 6/6
   169 | D:1      | Reached skill level 5 in Spellcasting
   177 | D:1      | Reached XP level 2. HP: 15/15 MP: 0/11
   811 | D:2      | Reached XP level 3. HP: 19/19 MP: 5/14
  1043 | D:2      | Reached skill level 6 in Spellcasting
  1142 | D:2      | Noticed Sigmund
  1162 | D:2      | Slain by Sigmund

Action                   || total
-------------------------++-------
Melee: Short sword       ||     7
 Cast: Magic Dart        ||    94
